 Dungeon Crawl Stone Soup version 0.29.0-11-gd7f09526c8 (webtiles) character file.

Game seed: 2424877256808102

3428 ILmort the Basher (level 9, -1/83 HPs)
             Began as a Minotaur Fighter on Sept 4, 2022.
             Was an Initiate of Okawaru.
             Slain by an orc knight
             ... wielding a +0 halberd
              (2 damage)
             ... in a bailey.
             The game lasted 00:18:35 (8240 turns).

ILmort the Basher (Minotaur Fighter)                Turns: 8240, Time: 00:18:36

Health: -1/83      AC: 16    Str: 31    XL:     9   Next: 76%
Magic:  0/9        EV:  7    Int:  5    God:    Okawaru [......]
Gold:   359        SH:  6    Dex: 16    Spells: 8/8 levels left

rFire   . . .      SeeInvis .   K - +4 flail
rCold   . . .      Faith    .   c - +1 buckler
rNeg    . . .      Spirit   +   G - +2 plate armour
rPois   .          Reflect  .   (helmet restricted)
rElec   .          Harm     .   (no cloak)
rCorr   .          Rampage  .   (no gloves)
Will    .....                   (no boots)
Stlth   ..........              x - amulet of guardian spirit
HPRegen 0.23/turn               g - +6 ring of strength
MPRegen 0.11/turn               h - +6 ring of dexterity

@: mighty
A: horns 2, retaliatory headbutt
a: Renounce Religion


You were in a bailey.
You worshipped Okawaru.
Okawaru was noncommittal.
You visited 2 branches of the dungeon, and saw 8 of its levels.
You also visited: Bailey.

You collected 359 gold pieces.

Inventory:

Hand Weapons
 a - a +0 flail
 K - a +4 flail (weapon)
Missiles
 u - 3 boomerangs (quivered)
 F - 7 poisoned darts
 M - 3 atropa-tipped darts
Armour
 b - a +0 scale mail
 c - a +1 buckler (worn)
 k - a +1 hat
 s - a +0 scale mail of willpower
 G - a +2 plate armour (worn)
Jewellery
 g - a +6 ring of strength (left hand)
 h - a +6 ring of dexterity (right hand)
 v - a ring of resist corrosion
 w - a ring of willpower
 x - an amulet of guardian spirit (around neck)
 H - a ring of flight
Wands
 B - a wand of light (15)
 L - a wand of flame (10)
Scrolls
 i - a scroll of blinking
 j - a scroll of butterflies
 l - a scroll of amnesia {unknown}
 o - a scroll of torment {unknown}
 r - 3 scrolls of noise
 t - a scroll of brand weapon {unknown}
 y - a scroll of poison {unknown}
 A - a scroll of teleportation {unknown}
 C - a scroll of summoning {unknown}
 E - a scroll of immolation {unknown}
 I - a scroll of fear
 N - 2 scrolls of vulnerability
Potions
 e - 3 potions of heal wounds {unknown}
 f - a potion of brilliance {unknown}
 m - 2 potions of curing {unknown}
 n - a potion of mutation {unknown}
 p - 2 potions of flight {unknown}
 z - a potion of attraction {unknown}
 D - a potion of haste {unknown}
 J - a potion of lignification {unknown}


   Skills:
 + Level 9.0 Fighting
 * Level 11.9 Maces & Flails
 + Level 9.0 Armour
 - Level 4.0 Shields
 + Level 1.3 Invocations


You had 8 spell levels left.
You didn't know any spells.
Your spell library contained the following spells:

 Spells                   Type           Power      Damage    Failure   Level
 Foxfire                  Conj/Fire      0%         2x1d4     99%         1
 Freeze                   Ice            0%         1d3       99%         1
 Magic Dart               Conj           0%         1d3       99%         1
 Necrotise                Necr           0%         1d4       99%         1
 Scorch                   Fire           0%         2d5       100%        2
 Gell's Gravitas          Tloc           0%         N/A       100%        3
 Mephitic Cloud           Conj/Pois/Air  0%         N/A       100%        3
 Ozocubu's Armour         Ice            0%         N/A       100%        3
 Teleport Other           Tloc           0%         N/A       100%        3
 Flame Wave               Conj/Fire      0%         2d4       100%        4
 Metabolic Englaciation   Hex/Ice        0%         N/A       100%        5
 Dispersal                Tloc           0%         N/A       100%        6
 Call Imp                 Summ           Unusable   N/A       N/A         2
 Simulacrum               Ice/Necr       Unusable   N/A       N/A         6
 Summon Cactus Giant      Summ           Unusable   N/A       N/A         6

Dungeon Overview and Level Annotations

Branches:
Dungeon (7/15)             Temple (1/1) D:6          Bailey (1/1)

Altars:
Ashenzari
Cheibriados
Dithmenos
Elyvilon
Fedhas
Gozag
Hepliaklqana
Kikubaaqudgha
Makhleb
Nemelex Xobeh
Okawaru
Qazlal
Ru
Sif Muna
Trog
Uskayaw
Vehumet
Wu Jian
Xom
Yredelemnul
Zin
The Shining One


Innate Abilities, Weirdness & Mutations

You have a pair of horns on your head.
You reflexively headbutt those who attack you in melee.


Message History

a +0 glaive; a +0 scale mail; an orc skeleton You enter the shallow water.
Moving in this stuff is going to be slow.
You enter the shallow water.
Moving in this stuff is going to be slow.
Things that are here:
a +0 trident; a +0 ring mail; an orc skeleton You enter the shallow water.
Moving in this stuff is going to be slow.
You start resting.
You enter the shallow water.
Moving in this stuff is going to be slow.
Things that are here:
a +0 trident; a +0 chain mail You enter the shallow water.
Moving in this stuff is going to be slow.
You enter the shallow water.
Moving in this stuff is going to be slow.
The orc knight shouts!
The orc knight barely misses you.
Okay, then.
You feel very mighty all of a sudden.
The orc knight hits you from afar with a +0 halberd.
The orc knight hits you with a +0 halberd!!
The orc knight hits you with a +0 halberd!
You hit the orc knight.
Your unstable footing causes you to fumble your attack.
The orc knight hits you with a +0 halberd!
Your unstable footing causes you to fumble your attack.
The orc knight closely misses you. You furiously retaliate!
You headbutt the orc knight.
Your unstable footing causes you to fumble your attack.
The orc knight hits you with a +0 halberd!
The orc knight attacks as you move away!
The orc knight hits you with a +0 halberd!
* * * LOW HITPOINT WARNING * * *
The orc knight hits you from afar with a +0 halberd!
* * * LOW HITPOINT WARNING * * *
The orc knight hits you from afar with a +0 halberd.
You die...

##########..~~..##
#..........~~..##
#.~~))~o~~)~..##.∩
#.~.))....)..##...
#.~.#########)###+
#.~.## #.....
#.~o.## ..≈≈§≈
#.~~..## # .§≈§o..
#@.~~..#'#..§...⌠∩
##.~~..#'#..≈§...⌠
#.~~..##.##..≈≈...
#.~..##...##..§§≈.
#.~.##.....'
#.~.##########
#.~..........##
#.~~~~~~~~~~..##
#........).)~..##


You could see an orc knight.

Vanquished Creatures
  Pikel (D:6)
  Prince Ribbit (D:6)
  Sigmund (D:3)
  Eustachio (D:6)
  A water moccasin (D:6)
  4 orc warriors (Bailey)
  3 ice beasts
  A black bear (D:5)
  2 ogres
  A lemure (D:6)
  A centaur (D:6)
  3 phantoms
  A kobold brigand (D:6)
  3 necrophages
  2 scorpions
  5 wights (D:6)
  4 hounds
  2 jellies (D:5)
  2 iguanas (D:6)
  11 gnolls
  4 adders
  A shadow imp (D:6)
  2 ufetubi
  3 worms (D:2)
  A dart slug (D:4)
  19 orcs
  9 endoplasms
  2 giant cockroaches (D:1)
  11 hobgoblins
  8 jackals
  10 kobolds
  3 quokkas
  10 ball pythons
  2 bats (D:1)
  7 frilled lizards
  15 goblins
  7 rats
  A butterfly (D:6)
165 creatures vanquished.

Vanquished Creatures (others)
  2 plants (D:4)
2 creatures vanquished.

Grand Total: 167 creatures vanquished

Notes
Turn   | Place    | Note
-------+----------+-------------------------------------------
     0 | D:1      | ILmort the Minotaur Fighter began the quest for the Orb.
     0 | D:1      | Reached XP level 1. HP: 19/19 MP: 0/0
   115 | D:1      | Reached XP level 2. HP: 20/27 MP: 1/1
   380 | D:1      | Reached skill level 3 in Maces & Flails
   656 | D:1      | Reached XP level 3. HP: 19/33 MP: 2/2
  1734 | D:2      | Reached skill level 4 in Maces & Flails
  1734 | D:2      | Reached XP level 4. HP: 11/40 MP: 3/3
  2413 | D:3      | Found a faded altar of an unknown god.
  2767 | D:3      | Noticed Sigmund
  2775 | D:3      | Killed Sigmund
  2776 | D:3      | Reached skill level 5 in Fighting
  2776 | D:3      | Reached skill level 5 in Maces & Flails
  2776 | D:3      | Reached skill level 5 in Armour
  2776 | D:3      | Reached XP level 5. HP: 44/48 MP: 4/4
  2776 | D:3      | Reached XP level 6. HP: 51/56 MP: 5/5
  3342 | D:4      | Found an ancient bone altar of Kikubaaqudgha.
  3901 | D:4      | Reached skill level 6 in Maces & Flails
  4394 | D:5      | Entered Level 5 of the Dungeon
  4402 | D:5      | Noticed an ice beast
  4422 | D:4      | Killed an ice beast
  4423 | D:4      | Reached XP level 7. HP: 33/61 MP: 3/6
  4565 | D:5      | Reached skill level 7 in Maces & Flails
  4798 | D:5      | Reached skill level 8 in Maces & Flails
  5246 | D:5      | Reached XP level 8. HP: 71/71 MP: 7/7
  5595 | D:6      | Reached skill level 9 in Maces & Flails
  5948 | D:6      | Reached skill level 10 in Maces & Flails
  5970 | D:6      | Noticed Pikel
  6077 | D:6      | Killed Pikel
  6078 | D:6      | Reached XP level 9. HP: 42/81 MP: 4/8
  6531 | D:6      | Reached skill level 11 in Maces & Flails
  6583 | D:6      | Got Spellcraft for Beginners
  6648 | D:6      | Noticed Eustachio
  6663 | D:6      | Killed Eustachio
  6778 | D:6      | Noticed Prince Ribbit
  6789 | D:6      | Killed Prince Ribbit
  6910 | D:6      | Found a staircase to the Ecumenical Temple.
  6920 | Temple   | Entered the Ecumenical Temple
  7363 | Temple   | Became a worshipper of Warmaster Okawaru
  7618 | D:7      | Found a flagged portal.
  7640 | Bailey   | Entered a bailey
  7687 | Bailey   | Noticed an orc knight
  7958 | Bailey   | Reached skill level 1 in Invocations
  8001 | Bailey   | Identified the +9 fire dragon scales of the Little Devil
                  | {rPois rF++ rC- Str+3 Slay+2 Stlth+}
  8239 | Bailey   | HP: 1/83 [orc knight/+0 halberd (14)]
  8240 | Bailey   | Slain by an orc knight

Illustrated notes

Levels and vault maps discovered:
D:1:      scummos_arrival_checkerplants, layout_loops_ring
D:2:      layout_rooms, columned_hall_lemuel
D:3:      layout_basic, hellmonk_ecumenical_altar_lost_god,
          minmay_misc_feat_hallway, minmay_hedge_maze, uniq_sigmund
D:4:      corexii_shack_village, layout_gridville,
          nicolae_kikubaaqudgha_miasma_corner
D:5:      layout_basic
D:6:      hellmonk_crumbling_castle, layout_loops_ring,
          minmay_temple_entry_butterflies, uniq_eustachio, uniq_pikel,
          uniq_prince_ribbit1
D:7:      layout_basic, enter_bailey_5
Temple:   mainiacjoe_temple_trianglar_array
Bailey:   bailey_polearm_1, bailey

Skill      XL: |  1  2  3  4  5  6  7  8  9 |
---------------+----------------------------+-----
Maces & Flails | 3 4 5 6 8 10 11 | 11.9
Fighting       | 4 5 6 8 9 |  9.0
Armour         | 4 5 6 8 9 |  9.0
Shields        | 4 |  4.0
Invocations    | 1 |  1.3

Action                   |  1- 3 |  4- 6 |  7- 9 || total
-------------------------+-------+-------+-------++-------
Melee: Flail             |    95 |    96 |   222 ||   413
       Headbutt          |     7 |    19 |    58 ||    84
  Use: Scroll            |       |       |     8 ||     8
       Potion            |       |       |     1 ||     1
Armor: Scale mail        |    34 |    38 |     8 ||    80
       Plate armour      |       |       |    95 ||    95
Dodge: Dodged            |    25 |    44 |    67 ||   136
Block: Buckler           |    14 |    31 |    52 ||    97
